[Event "Titled Tuesday Blitz February 28 Early 2023"]
[White "Jenkins, Drake"]
[Black "Kiseleva, Arina"]
[WhiteFideId "2022397"]
[BlackFideId "4164989"]
[WhiteElo "2353"]
[BlackElo "1756"]
[Result "0-1"]
[Round "08"]
[TimeControl "180+2"]
[Date "2023.02.28"]
[WhiteClock "0:00:02"]
[BlackClock "0:00:06"]

1. Nf3 d5 2. c4 c6 3. g3 Nf6 4. Bg2 dxc4 5. O-O Bf5 6. a4 e6 7. Na3 Bxa3 8. bxa3 Nbd7 9. Bb2 Rc8 10. Rc1 b5 11. d3 cxd3 12. exd3 Nb6 13. axb5 Bxd3 14. Bxf6 gxf6 15. Re1 Bxb5 16. Qc2 O-O 17. Red1 Qe7 18. Qd2 Rfd8 19. Qh6 Rxd1+ 20. Rxd1 Rd8 21. Re1 Nc4 22. Nh4 Ne5 23. h3 Bd3 24. Kh2 Ng6 25. Bxc6 Nxh4 26. Qxh4 Bg6 27. a4 Rd2 28. Qf4 Qd6 29. Qxd6 Rxd6 30. Bb5 a6 31. Be2 Rd2 32. Kg1 a5 33. Bb5 Ra2 34. h4 Bc2 35. Re2 Ra1+ 36. Kg2 Bxa4 37. Ba6 Bb3 38. h5 h6 39. Re3 a4 40. Rc3 Kg7 41. Rc8 a3 42. Bb7 Bd5+ 43. Bxd5 exd5 44. Ra8 a2 45. Kf3 d4 46. Ke2 d3+ 47. Kd2 Rf1 48. Kxd3 a1=Q 0-1


[Site "https://www.chess.com"]

[Event "Titled Tuesday Blitz February 28 Early 2023"]
[White "Ansh M Shah"]
[Black "Bongo Akanga Ndjila, Barthelemy"]
[WhiteFideId "25033379"]
[BlackFideId "10609431"]
[WhiteElo "2084"]
[BlackElo "1768"]
[Result "0-1"]
[Round "08"]
[TimeControl "180+2"]
[Date "2023.02.28"]
[WhiteClock "0:00:04"]
[BlackClock "0:00:51"]

1. d4 d5 2. c4 e6 3. g3 dxc4 4. Bg2 c5 5. Nf3 Nc6 6. Qa4 cxd4 7. Nxd4 Bb4+ 8. Nc3 Bxc3+ 9. bxc3 Ne7 10. Nxc6 Nxc6 11. Ba3 Bd7 12. Qxc4 Qa5 13. Qc5 Qxc5 14. Bxc5 O-O-O 15. O-O b6 16. Ba3 Na5 17. Rfd1 Bc6 18. Bxc6 Nxc6 19. c4 Rxd1+ 20. Rxd1 Rd8 21. Rxd8+ Kxd8 22. c5 Na5 23. cxb6 axb6 24. Bb2 g6 25. Kf1 Kd7 26. Ke1 Nc4 27. Bd4 Kc6 28. Kd1 e5 29. Bc3 Kd5 30. Kc2 Na3+ 31. Kb3 Nb5 32. a4 Nxc3 33. Kxc3 Kc5 34. Kb3 f5 35. Kc3 g5 36. h3 h5 37. Kb3 g4 38. hxg4 hxg4 39. Kc3 f4 40. Kb3 Kd4 41. Kb4 fxg3 42. fxg3 Ke3 43. Kb5 Kxe2 44. Kxb6 e4 45. a5 e3 46. a6 Kf1 47. a7 e2 48. a8=Q e1=Q 49. Qh1+ Kf2 50. Qh2+ Kf3 51. Qh6 Qxg3 52. Qc6+ Kf2 53. Qc2+ Kg1 54. Qd1+ Kg2 55. Qd5+ Qf3 56. Qg5 g3 57. Kb5 Qf2 58. Qd5+ Kg1 59. Ka4 g2 60. Qd1+ Qf1 61. Qd4+ Kh2 62. Qh4+ Kg1 63. Qd4+ Qf2 64. Qd1+ Kh2 65. Qh5+ Kg3 66. Qg5+ Kf3 67. Qf5+ Ke2 68. Qc2+ Kf1 69. Qd1+ Qe1 70. Qd3+ Qe2 71. Qf5+ Qf2 72. Qd3+ Qe2 73. Qf5+ Ke1 74. Qb1+ Kf2 75. Qf5+ Ke1 76. Qb1+ Kd2 77. Qb2+ Kd3 78. Qb3+ Kd2 79. Qb4+ Ke3 80. Qc5+ Kf3 81. Qf5+ Ke3 82. Qe5+ Kd2 83. Qb2+ Ke1 84. Qc1+ Qd1+ 85. Qxd1+ Kxd1 0-1


[Site "https://www.chess.com"]

[Event "Titled Tuesday Blitz February 28 Early 2023"]
[White "Flis, Pawel"]
[Black "Matveeva, Olga"]
[WhiteFideId "1112864"]
[BlackFideId "24107018"]
[WhiteElo "1822"]
[BlackElo "2056"]
[Result "0-1"]
[Round "08"]
[TimeControl "180+2"]
[Date "2023.02.28"]
[WhiteClock "0:00:01"]
[BlackClock "0:00:04"]

1. e4 e6 2. d4 d5 3. Bd3 c5 4. exd5 exd5 5. Nf3 Nf6 6. O-O c4 7. Re1+ Be7 8. Bf1 O-O 9. b3 cxb3 10. axb3 Nc6 11. h3 b6 12. c4 Bb7 13. Nc3 dxc4 14. bxc4 Rc8 15. Be3 Re8 16. d5 Na5 17. Qa4 Bc5 18. Bg5 Qd6 19. Nb5 Qg3 20. Bh4 Qf4 21. Nxa7 Ra8 22. Bxf6 Rxe1 23. Rxe1 gxf6 24. Re8+ Rxe8 25. Qxe8+ Kg7 26. d6 Bxd6 27. Nb5 Bxf3 28. Nxd6 Qxd6 29. gxf3 Qc5 30. Qe4 Nb3 31. Qg4+ Kf8 32. Qh4 Ke7 33. Qxh7 Nd4 34. Qe4+ Kf8 35. h4 f5 36. Qa8+ Kg7 37. Qd5 Kf6 38. Qxc5 bxc5 39. Bd3 Nxf3+ 0-1


[Site "https://www.chess.com"]

[Event "Titled Tuesday Blitz February 28 Early 2023"]
[White "Gatterer, Florian"]
[Black "Necula, Iulian"]
[WhiteFideId "811688"]
[BlackFideId "1232380"]
[WhiteElo "2221"]
[BlackElo "1790"]
[Result "1/2-1/2"]
[Round "08"]
[TimeControl "180+2"]
[Date "2023.02.28"]
[WhiteClock "0:02:19"]
[BlackClock "0:02:42"]

1. c4 f5 2. g3 Nf6 3. Bg2 d6 4. Nc3 e5 5. d3 g6 6. e4 Bg7 7. Nge2 c6 8. O-O O-O 9. exf5 Bxf5 10. d4 e4 11. h3 h5 12. Be3 Qd7 13. Kh2 d5 14. cxd5 cxd5 15. Nf4 Nc6 16. Rc1 Rac8 17. a3 a6 1/2-1/2


[Site "https://www.chess.com"]

[Event "Titled Tuesday Blitz February 28 Early 2023"]
[White "Kriti Mayur Patel"]
[Black "Kornyukov, Alexey"]
[WhiteFideId "35061780"]
[BlackFideId "4150457"]
[WhiteElo "1306"]
[BlackElo "2352"]
[Result "0-1"]
[Round "08"]
[TimeControl "180+2"]
[Date "2023.02.28"]
[WhiteClock "0:00:10"]
[BlackClock "0:00:34"]

1. e4 c5 2. d4 cxd4 3. c3 dxc3 4. Nxc3 Nc6 5. Nf3 e5 6. Bc4 d6 7. O-O Be7 8. Qb3 Na5 9. Bxf7+ Kf8 10. Qd5 Nf6 11. Qd3 Kxf7 12. Ng5+ Kf8 13. f4 h6 14. Nf3 Nc6 15. Nh4 exf4 16. Ng6+ Kg8 17. Nxh8 Kxh8 18. Bxf4 Be6 19. Rad1 Qb6+ 20. Kh1 Rd8 21. Qd2 Ng4 22. h3 Nge5 23. Bxh6 Nc4 24. Qf4 Rf8 25. Bxg7+ Kxg7 26. Qg3+ Kh7 27. Nd5 Bxd5 28. Rxf8 Bxf8 29. Rxd5 N4e5 30. Qh4+ Bh6 31. Rxd6 Qxb2 32. Rxh6+ Kg8 33. Qg5+ Kf8 34. Rf6+ Nf7 35. Qh6+ Ke7 36. Rxf7+ Kxf7 37. Qf4+ Qf6 38. Qxf6+ Kxf6 39. Kh2 Ne5 40. Kg3 b5 41. Kf4 a5 42. g4 Nd3+ 43. Ke3 Nc1 44. h4 Nxa2 45. g5+ Kg6 46. e5 Nb4 47. Kd4 a4 48. Kc5 a3 49. Kxb4 a2 50. e6 a1=Q 51. e7 Qe5 52. Ka5 Qxe7 53. h5+ Kxh5 54. Kxb5 Kxg5 55. Ka6 Qb4 56. Ka7 Kf6 57. Ka8 Ke6 58. Ka7 Kd6 59. Ka6 Kc6 60. Ka7 Qb7# 0-1


[Site "https://www.chess.com"]

[Event "Titled Tuesday Blitz February 28 Early 2023"]
[White "Tsyhanchuk, Stanislav"]
[Black "Curtis, John"]
[WhiteFideId "13505130"]
[BlackFideId "3200256"]
[WhiteElo "2173"]
[BlackElo "2203"]
[Result "0-1"]
[Round "08"]
[TimeControl "180+2"]
[Date "2023.02.28"]
[WhiteClock "0:00:03"]
[BlackClock "0:01:30"]

1. c4 Nf6 2. Nc3 e5 3. g3 c6 4. Bg2 d5 5. cxd5 cxd5 6. e3 d4 7. Nb1 Nc6 8. Ne2 d3 9. Nec3 Bg4 10. Qa4 Qd7 11. O-O Be7 12. Ne4 Nxe4 13. Bxe4 f5 14. Bg2 e4 15. Nc3 Ne5 16. Qa5 Nf3+ 17. Bxf3 Bxf3 18. Qe5 O-O 19. h3 f4 20. Kh2 fxg3+ 21. Qxg3 Bd6 22. b3 Rf6 23. Bb2 Rh6 24. Kg1 Bxg3 25. fxg3 Qxh3 26. Kf2 Qg2+ 27. Ke1 Qxg3+ 28. Rf2 Rh1# 0-1


[Site "https://www.chess.com"]

[Event "Titled Tuesday Blitz February 28 Early 2023"]
[White "Kaufman, Raymond"]
[Black "lisjakzlatko1"]
[WhiteFideId "2015056"]
[WhiteElo "2321"]
[BlackElo "2161"]
[Result "1-0"]
[Round "08"]
[TimeControl "180+2"]
[Date "2023.02.28"]
[WhiteClock "0:00:20"]
[BlackClock "0:00:01"]

1. d4 d6 2. e4 Nf6 3. Nc3 c6 4. Nf3 Qa5 5. Bd3 e5 6. Bd2 Qc7 7. h3 Be7 8. O-O O-O 9. a4 a5 10. Bc4 Nbd7 11. Qe2 b6 12. d5 c5 13. Nh2 Re8 14. Bb5 Bf8 15. Bc6 Rb8 16. Nb5 Qd8 17. Ra3 g6 18. Bg5 h6 19. Bh4 Be7 20. g4 g5 21. Bg3 Bb7 22. Rd1 Qc8 23. Bxb7 Rxb7 24. Nf1 Nf8 25. f3 Ng6 26. Ne3 h5 27. Nf5 Rd7 28. Kg2 Bf8 29. Qd2 Nf4+ 30. Kh2 Nh7 31. Rg1 h4 32. Bf2 Qd8 33. Be3 f6 34. Rf1 Be7 35. Raa1 Nf8 36. c3 N8g6 37. b4 Bf8 38. bxc5 bxc5 39. Rab1 Rb7 40. Na3 Qb8 41. Rxb7 1-0


[Site "https://www.chess.com"]

[Event "Titled Tuesday Blitz February 28 Early 2023"]
[White "Seifert, Henryk"]
[Black "De Souza, Cristiano Gomes"]
[WhiteFideId "1100963"]
[BlackFideId "2151758"]
[WhiteElo "2071"]
[BlackElo "2068"]
[Result "0-1"]
[Round "08"]
[TimeControl "180+2"]
[Date "2023.02.28"]
[WhiteClock "0:00:01"]
[BlackClock "0:00:53"]

1. e4 c5 2. Nf3 d6 3. c3 Nf6 4. Be2 Bd7 5. d3 Bc6 6. O-O Nbd7 7. Nbd2 g6 8. a4 Bg7 9. Nc4 b6 10. h3 O-O 11. Bf4 Ne8 12. e5 dxe5 13. Nfxe5 Nxe5 14. Bxe5 Nd6 15. Bxg7 Kxg7 16. Nxd6 Qxd6 17. Bf3 Bxf3 18. Qxf3 Rad8 19. Rfd1 Rd7 20. d4 Rfd8 21. dxc5 Qxc5 22. Rxd7 Rxd7 23. Rd1 Rxd1+ 24. Qxd1 Qc6 25. Qd4+ f6 26. a5 Kf7 27. a6 Qb5 28. c4 Qxa6 29. Qd5+ Kg7 30. Qe6 Qb7 31. b4 Qc7 32. b5 Qd6 33. Qc8 h5 34. Qb7 Kf7 35. Qxa7 Qd1+ 36. Kh2 Qd6+ 37. g3 Qe6 38. Qc7 Qd6 0-1


[Site "https://www.chess.com"]

[Event "Titled Tuesday Blitz February 28 Early 2023"]
[White "Kohler, Aran"]
[Black "Jesusesmifuerza"]
[WhiteFideId "1002856"]
[WhiteElo "2241"]
[BlackElo "2011"]
[Result "1/2-1/2"]
[Round "08"]
[TimeControl "180+2"]
[Date "2023.02.28"]
[WhiteClock "0:00:14"]
[BlackClock "0:00:04"]

1. Nf3 d5 2. d4 e6 3. Bf4 Bd6 4. Bg3 Nf6 5. Nbd2 O-O 6. e3 b6 7. Bd3 Bb7 8. c3 Nbd7 9. Ne5 Ne4 10. Ndf3 f6 11. Nxd7 Qxd7 12. Bxe4 dxe4 13. Nd2 c5 14. O-O Bxg3 15. hxg3 cxd4 16. exd4 f5 17. Re1 Rac8 18. a4 Ba6 19. f3 exf3 20. Nxf3 Bb7 21. Ne5 Qd5 22. Re2 Ba6 23. Rf2 Rc7 24. Qf3 Bb7 25. Qxd5 Bxd5 26. a5 Rb8 27. axb6 Rxb6 28. Ra5 g6 29. g4 Rcb7 30. gxf5 gxf5 31. c4 Be4 32. Ra2 Bb1 33. Ra1 Rxb2 34. Rxb2 Rxb2 35. Rxa7 Be4 36. Re7 Rxg2+ 37. Kf1 h5 38. Rxe6 Kg7 39. Re7+ Kg8 40. d5 Rd2 41. Ng6 Rd4 42. Rc7 Rxc4 43. Rxc4 Bd3+ 44. Kf2 Bxc4 45. d6 Be6 46. Nf4 Kf7 47. Nxh5 Bc8 48. Nf4 Kf6 49. Ke3 Ke5 50. d7 Bxd7 51. Ng6+ Kf6 52. Nf4 Be6 53. Ne2 Ke7 54. Nf4 Kd7 55. Nxe6 Kxe6 56. Kf4 Kf6 57. Kf3 f4 58. Kxf4 1/2-1/2


[Site "https://www.chess.com"]

[Event "Titled Tuesday Blitz February 28 Early 2023"]
[White "Kalaiyalahan, Akshaya"]
[Black "WindWhistler11"]
[WhiteFideId "422894"]
[WhiteElo "2043"]
[BlackElo "2519"]
[Result "0-1"]
[Round "08"]
[TimeControl "180+2"]
[Date "2023.02.28"]
[WhiteClock "0:00:04"]
[BlackClock "0:00:57"]

1. c4 Nf6 2. Nc3 g6 3. g3 d5 4. cxd5 Nxd5 5. Bg2 Nb6 6. Nf3 Bg7 7. O-O O-O 8. d4 Na6 9. e4 Bg4 10. e5 c5 11. dxc5 Nxc5 12. Be3 Ncd7 13. h3 Bxf3 14. Bxf3 Nxe5 15. Bxb7 Rb8 16. Bg2 Nec4 17. Qxd8 Rfxd8 18. Bc5 Nxb2 19. Nb5 N2a4 20. Bxe7 Re8 21. Rae1 Bc3 22. Re3 Bd2 23. Re2 Bb4 24. Nc7 Rxe7 0-1


[Site "https://www.chess.com"]

[Event "Titled Tuesday Blitz February 28 Early 2023"]
[White "EdmundPlayer"]
[Black "Qashashvili, Alexandre"]
[BlackFideId "13600842"]
[WhiteElo "2203"]
[BlackElo "2405"]
[Result "0-1"]
[Round "08"]
[TimeControl "180+2"]
[Date "2023.02.28"]
[WhiteClock "0:00:03"]
[BlackClock "0:00:36"]

1. e4 c6 2. d4 d5 3. e5 Bf5 4. Nf3 e6 5. Be2 h6 6. Nbd2 c5 7. dxc5 Bxc5 8. Nb3 Bb6 9. a4 Nc6 10. Bd2 Nge7 11. a5 Bc7 12. a6 bxa6 13. Bc3 a5 14. O-O O-O 15. Qd2 Ng6 16. Nxa5 Ncxe5 17. Nxe5 Bxe5 18. Bb4 Bd6 19. Nc6 Bxb4 20. Qxb4 Qc7 21. Nd4 Nf4 22. Bf3 Bg6 23. Nb5 Qb8 24. Qc5 Rc8 25. Qe3 Bxc2 26. Nxa7 Re8 27. Rfc1 Bh7 28. b3 Ng6 29. Nc6 Qb7 30. b4 Rxa1 31. Rxa1 Qxc6 32. Qc5 Qxc5 33. bxc5 Rc8 34. Rc1 Ne5 35. Be2 Bd3 36. Bd1 Bc4 37. f4 Nd3 38. Rc3 Nxf4 39. Bc2 Ne2+ 40. Kf2 Nxc3 0-1


[Site "https://www.chess.com"]

[Event "Titled Tuesday Blitz February 28 Early 2023"]
[White "Zaichenko, Daria"]
[Black "Hartikainen, Jarmo"]
[WhiteFideId "4197453"]
[BlackFideId "503134"]
[WhiteElo "2039"]
[BlackElo "2191"]
[Result "0-1"]
[Round "08"]
[TimeControl "180+2"]
[Date "2023.02.28"]
[WhiteClock "0:01:12"]
[BlackClock "0:00:14"]

1. e4 c5 2. Nf3 Nc6 3. d4 cxd4 4. Nxd4 Nf6 5. Nc3 d6 6. Be2 e5 7. Nb3 Be7 8. O-O Be6 9. Be3 O-O 10. f4 exf4 11. Bxf4 Ne5 12. Nd4 Bc4 13. Nf5 Re8 14. Nxe7+ Rxe7 15. Bg5 Bxe2 16. Qxe2 Ned7 17. Rad1 Qb6+ 18. Kh1 Qxb2 19. Qf2 Qxc3 20. Rxd6 Nxe4 21. Qh4 Nxg5 22. Qxg5 Re1 23. Qf4 Rxf1+ 24. Qxf1 Nf6 25. h3 Re8 26. Qf4 Qe5 27. Qb4 Qe1+ 28. Kh2 Qxb4 0-1


[Site "https://www.chess.com"]

[Event "Titled Tuesday Blitz February 28 Early 2023"]
[White "parintele_chess"]
[Black "Kiseljova, Marya"]
[BlackFideId "4155009"]
[WhiteElo "2234"]
[BlackElo "1807"]
[Result "0-1"]
[Round "08"]
[TimeControl "180+2"]
[Date "2023.02.28"]
[WhiteClock "0:00:18"]
[BlackClock "0:01:06"]

1. d4 Nf6 2. Bf4 e6 3. Nf3 d5 4. e3 c5 5. c3 Nc6 6. Nbd2 Nh5 7. Bg5 Qb6 8. Qb3 h6 9. Bh4 g5 10. Bg3 Bg7 11. Bd6 c4 12. Qc2 Nxd4 13. exd4 Qxd6 14. Be2 Nf4 15. g3 Nxe2 16. Kxe2 Bd7 17. Rae1 O-O-O 18. b3 cxb3 19. axb3 Kb8 20. c4 dxc4 21. bxc4 Bc6 22. Ne4 Qc7 23. c5 g4 24. Nfd2 f5 25. Nd6 Bxh1 26. Rxh1 Bxd4 27. Rb1 Rxd6 28. cxd6 Qxc2 0-1


[Site "https://www.chess.com"]

[Event "Titled Tuesday Blitz February 28 Early 2023"]
[White "Fernandez Hernandez, Gerardo"]
[Black "Cueto, Jonny"]
[WhiteFideId "2207400"]
[BlackFideId "3300145"]
[WhiteElo "2189"]
[BlackElo "2212"]
[Result "1-0"]
[Round "08"]
[TimeControl "180+2"]
[Date "2023.02.28"]
[WhiteClock "0:00:31"]
[BlackClock "0:00:02"]

1. e4 e6 2. d3 b6 3. g3 Bb7 4. Bg2 Ne7 5. f4 d5 6. e5 c5 7. Nf3 Nbc6 8. c3 Qc7 9. O-O O-O-O 10. a4 a6 11. Be3 d4 12. cxd4 cxd4 13. Bf2 Kb8 14. Na3 Nf5 15. Nc4 Bc5 16. Qd2 Qd7 17. g4 Ne3 18. Nxe3 dxe3 19. Bxe3 Bxe3+ 20. Qxe3 Qxd3 21. Qxb6 Nd4 22. Qxb7+ Kxb7 23. Ne1+ Nc6 24. Nxd3 Rxd3 25. Rac1 Rc8 26. Rxc6 Rxc6 27. Rc1 Rd2 28. Bxc6+ Kb6 29. b4 Ra2 30. a5+ Ka7 31. Be4 Kb8 32. Rc6 Rb2 33. Rxa6 Rd2 34. b5 Rd4 35. Ra8+ Kc7 36. b6+ Kd7 37. b7 1-0


[Site "https://www.chess.com"]

[Event "Titled Tuesday Blitz February 28 Early 2023"]
[White "Vargas, Mauricio"]
[Black "Simonovic, Miroslav"]
[WhiteFideId "4404572"]
[BlackFideId "919152"]
[WhiteElo "2025"]
[BlackElo "2057"]
[Result "1-0"]
[Round "08"]
[TimeControl "180+2"]
[Date "2023.02.28"]
[WhiteClock "0:00:35"]
[BlackClock "0:00:11"]

1. e4 c5 2. Nc3 Nc6 3. f4 e5 4. Nf3 exf4 5. Bb5 g6 6. Bxc6 dxc6 7. d3 Bg7 8. Bxf4 Ne7 9. O-O O-O 10. Qe1 f5 11. Qh4 Kh8 12. Bg5 Re8 13. exf5 Bxf5 14. Rae1 Bf8 15. Bf6+ Kg8 16. Ng5 h6 17. Rxf5 Nxf5 18. Qc4+ Qd5 19. Nxd5 Rxe1+ 20. Kf2 Re2+ 21. Kxe2 Re8+ 22. Kf2 Nd6 23. Ne7# 1-0


[Site "https://www.chess.com"]

[Event "Titled Tuesday Blitz February 28 Early 2023"]
[White "Mendez Machado, Andre"]
[Black "Ricaurte Lopez, Juan Carlos"]
[WhiteFideId "6603793"]
[BlackFideId "3600327"]
[WhiteElo "1989"]
[BlackElo "2209"]
[Result "1-0"]
[Round "08"]
[TimeControl "180+2"]
[Date "2023.02.28"]
[WhiteClock "0:00:10"]
[BlackClock "0:00:06"]

1. e4 e5 2. Nf3 Nc6 3. Bc4 Nf6 4. Ng5 d5 5. exd5 Na5 6. Bb5+ c6 7. dxc6 bxc6 8. Bd3 h6 9. Ne4 Nd5 10. O-O Be7 11. Re1 O-O 12. Nbc3 f5 13. Ng3 e4 14. Bf1 Bc5 15. d3 Qh4 16. dxe4 Nxc3 17. bxc3 f4 18. Nh1 f3 19. g3 Qe7 20. Be3 Be6 21. Bxc5 Qxc5 22. Re3 Rad8 23. Qe1 Bc4 24. Rd1 Bxa2 25. Rxd8 Rxd8 26. Rxf3 Be6 27. Qe3 Qa3 28. Qe1 Nc4 29. Rd3 Rf8 30. f4 a5 31. Nf2 Qc5 32. Rd4 a4 33. f5 Bf7 34. Qe2 Ne5 35. Rxa4 Qxc3 36. Ra7 Qc5 37. Ra1 Bc4 38. Qe1 Nf3+ 39. Kg2 Nxe1+ 40. Rxe1 Qe5 41. Ng4 Qxe4+ 42. Rxe4 Bd5 43. Bd3 Rf7 44. Kf2 Bxe4 45. Bxe4 c5 46. Ke3 Re7 47. Nf2 Kf7 48. Nd3 c4 49. Nf2 Rd7 50. Ng4 c3 51. Ne5+ Ke7 52. Nxd7 Kxd7 53. Kd4 Kd6 54. Kxc3 Ke5 55. Kd3 1-0


[Site "https://www.chess.com"]

[Event "Titled Tuesday Blitz February 28 Early 2023"]
[White "Tagliati, Eleonore"]
[Black "Michalski, Olaf"]
[WhiteFideId "45172234"]
[BlackFideId "1106740"]
[WhiteElo "2220"]
[BlackElo "2173"]
[Result "1-0"]
[Round "08"]
[TimeControl "180+2"]
[Date "2023.02.28"]
[WhiteClock "0:01:33"]
[BlackClock "0:00:01"]

1. e4 c5 2. Nf3 a6 3. c3 Nf6 4. e5 Nd5 5. d4 e6 6. Bd3 d6 7. exd6 Bxd6 8. dxc5 Bxc5 9. O-O Nc6 10. b4 Be7 11. Bb2 Bf6 12. a3 Nf4 13. Be4 O-O 14. g3 Qxd1 15. Rxd1 Ng6 16. Nbd2 Rd8 17. Bxc6 bxc6 18. Ne4 Bd7 19. Nxf6+ gxf6 20. c4 e5 21. Rd6 Bg4 22. Rxd8+ Rxd8 23. Kg2 Rd3 24. Ne1 Rb3 25. Bc1 Be2 26. c5 Ne7 27. Ra2 1-0


[Site "https://www.chess.com"]

[Event "Titled Tuesday Blitz February 28 Early 2023"]
[White "Larina, Maria"]
[Black "Tarnowska, Aleksandra"]
[WhiteFideId "24113182"]
[BlackFideId "1180967"]
[WhiteElo "1848"]
[BlackElo "1776"]
[Result "0-1"]
[Round "08"]
[TimeControl "180+2"]
[Date "2023.02.28"]
[WhiteClock "0:00:08"]
[BlackClock "0:00:07"]

1. e4 c5 2. Nc3 d6 3. d4 cxd4 4. Qxd4 Nc6 5. Qd2 e6 6. b3 Be7 7. Bb2 Nf6 8. O-O-O O-O 9. Kb1 a6 10. f3 Qc7 11. g4 b5 12. g5 Nd7 13. h4 b4 14. Na4 Nc5 15. Nxc5 dxc5 16. Nh3 a5 17. Bb5 Ba6 18. c4 Bxb5 19. cxb5 Rfd8 20. Qc2 Na7 21. f4 Nxb5 22. f5 Nc3+ 23. Bxc3 bxc3 24. Qxc3 a4 25. f6 Bf8 26. e5 axb3 27. axb3 Rxd1+ 28. Rxd1 Qa7 29. Qb2 c4 30. Rd2 cxb3 31. h5 Qe3 32. Nf2 Ba3 33. Qd4 Qxd4 34. Rxd4 Bc5 35. Rd2 Bxf2 36. Rxf2 gxf6 37. gxf6 Kf8 38. Rb2 Rb8 39. Kc1 Ke8 40. Kd2 Kd7 41. Kc3 Kc6 42. Kd4 Rb4+ 43. Ke3 Rb5 44. Kd4 Rb4+ 45. Ke3 Kd5 46. Rg2 Kxe5 47. Rg7 Kxf6 48. Rxh7 b2 49. Rh6+ Kg7 0-1


[Site "https://www.chess.com"]

[Event "Titled Tuesday Blitz February 28 Early 2023"]
[White "Do Valle Cardoso, Lucas"]
[Black "Bashirli, Saadat"]
[WhiteFideId "2163144"]
[BlackFideId "13429990"]
[WhiteElo "2376"]
[BlackElo "1408"]
[Result "0-1"]
[Round "08"]
[TimeControl "180+2"]
[Date "2023.02.28"]
[WhiteClock "0:01:16"]
[BlackClock "0:01:13"]

1. e4 c5 2. Nf3 g6 3. d4 cxd4 4. Nxd4 Nc6 5. Nc3 Bg7 6. Be3 Nf6 7. Nxc6 bxc6 8. e5 Ng8 9. Bd4 Qa5 10. e6 Bxd4 11. Qxd4 Nf6 12. exd7+ Bxd7 13. O-O-O O-O-O 14. Be2 Rhe8 15. Qc4 e6 16. Qf4 Nd5 17. Nxd5 exd5 18. Bd3 Qxa2 19. Kd2 Qa5+ 20. b4 Qb6 21. Ra1 g5 22. Qg3 Qxb4+ 23. Kc1 Re1+ 24. Rxe1 Qxe1+ 25. Kb2 Qb4+ 26. Ka2 Be6 27. Ba6+ Kd7 28. c4 Rb8 29. Qa3 Qd2+ 0-1


[Site "https://www.chess.com"]

[Event "Titled Tuesday Blitz February 28 Early 2023"]
[White "Dilmukhametov, Artur"]
[Black "Yanayt, Eugene"]
[WhiteFideId "24179922"]
[BlackFideId "2020165"]
[WhiteElo "2199"]
[BlackElo "2083"]
[Result "0-1"]
[Round "08"]
[TimeControl "180+2"]
[Date "2023.02.28"]
[WhiteClock "0:02:08"]
[BlackClock "0:02:11"]

1. d4 Nf6 2. Nc3 d5 3. Bf4 e6 4. Nf3 Bd6 5. Bxd6 cxd6 6. e3 Nc6 7. Bd3 e5 8. dxe5 dxe5 9. Bb5 Qd6 10. O-O O-O 11. Ng5 a6 12. Bxc6 bxc6 13. Qf3 Bg4 14. Qg3 Rae8 15. f3 Bh5 16. Nh3 Bg6 17. Rac1 Qb4 18. Nd1 Qd2 19. Rf2 Qxc1 0-1


[Site "https://www.chess.com"]

[Event "Titled Tuesday Blitz February 28 Early 2023"]
[White "So, Wesley"]
[Black "Carlsen, Magnus"]
[WhiteFideId "5202213"]
[BlackFideId "1503014"]
[WhiteElo "2739"]
[BlackElo "2852"]
[Result "1-0"]
[Round "09"]
[TimeControl "180+2"]
[Date "2023.02.28"]
[WhiteClock "0:00:06"]
[BlackClock "0:00:02"]

1. e4 e5 2. Nf3 Nc6 3. Bc4 Nf6 4. d3 Bc5 5. c3 d6 6. O-O h6 7. b4 Bb6 8. Nbd2 O-O 9. Re1 Ne7 10. a4 c6 11. a5 Bc7 12. d4 Ng6 13. dxe5 Nxe5 14. Nxe5 dxe5 15. Bf1 Qe7 16. Nc4 Be6 17. Qc2 b5 18. axb6 axb6 19. Bd2 b5 20. Na5 Qd7 21. Be3 Rfd8 22. Nb7 Rdb8 23. Nc5 Qe8 24. h3 Rxa1 25. Rxa1 Bb6 26. Ra6 Bxc5 27. Bxc5 Qc8 28. Ra5 Qd7 29. Ra7 Qc8 30. Bd6 Ra8 31. Rxa8 Qxa8 32. Bxe5 Qa1 33. f3 Bc4 34. Qf2 Nd7 35. Bd4 Nf8 36. f4 Ne6 37. Be5 f6 38. Bd6 Bxf1 39. Qxf1 Qxc3 40. Kh2 Qd4 41. e5 Nxf4 42. Qf3 Nd3 43. Qxc6 Nxe5 44. Qc8+ Kh7 45. Qf5+ Ng6 46. Bg3 Qe3 47. h4 h5 48. Qxh5+ Qh6 49. Qf5 Kg8 50. Qc8+ Kh7 51. Qf5 Kg8 52. Qxb5 Nxh4 53. Qc4+ Kf8 54. Qxh4 Qd2 55. Qh8+ Kf7 56. Qh5+ Kf8 57. b5 Qb4 58. Qh8+ Kf7 59. Qh5+ Ke6 60. Qe8+ Kf5 61. Qd7+ Kg6 62. Qd3+ Kf7 63. Qd5+ Kg6 64. Qc6 Qd2 65. Qe8+ Kh7 66. Qh5+ Kg8 67. b6 Qb2 68. Qd5+ 1-0


[Site "https://www.chess.com"]

[Event "Titled Tuesday Blitz February 28 Early 2023"]
[White "Duda, Jan-Krzysztof"]
[Black "Tabatabaei, M. Amin"]
[WhiteFideId "1170546"]
[BlackFideId "12521213"]
[WhiteElo "2790"]
[BlackElo "2565"]
[Result "1-0"]
[Round "09"]
[TimeControl "180+2"]
[Date "2023.02.28"]
[WhiteClock "0:00:17"]
[BlackClock "0:00:09"]

1. d4 d5 2. c4 e6 3. Nc3 Nf6 4. cxd5 exd5 5. Bg5 c6 6. e3 Bf5 7. Qb3 Qb6 8. Bxf6 gxf6 9. Kd2 Nd7 10. Bd3 Qxb3 11. axb3 Bxd3 12. Kxd3 Bd6 13. Nf3 Ke7 14. Nh4 Ke6 15. g4 h5 16. h3 Nb6 17. Nf5 hxg4 18. hxg4 a6 19. Nh6 Rh7 20. Rh5 Rah8 21. Nf5 Rxh5 22. Ng7+ Kd7 23. Nxh5 f5 24. Rh1 Ke7 25. gxf5 Nd7 26. f3 Rg8 27. e4 Rg2 28. f6+ Kf8 29. e5 Bxe5 30. dxe5 Nxe5+ 31. Kd4 Nxf3+ 32. Kc5 Rxb2 33. Ng7 Kg8 34. Nf5 Nh2 35. Rg1+ Kf8 36. Ne7 Ke8 37. Kd6 1-0


[Site "https://www.chess.com"]

[Event "Titled Tuesday Blitz February 28 Early 2023"]
[White "Le, Tuan Minh"]
[Black "Matlakov, Maxim"]
[WhiteFideId "12401153"]
[BlackFideId "4168003"]
[WhiteElo "2558"]
[BlackElo "2666"]
[Result "1/2-1/2"]
[Round "09"]
[TimeControl "180+2"]
[Date "2023.02.28"]
[WhiteClock "0:00:04"]
[BlackClock "0:00:03"]

1. d4 d5 2. Nf3 Nf6 3. Bg5 Ne4 4. Bf4 Bf5 5. e3 e6 6. Bd3 Bd6 7. Bg3 O-O 8. O-O Nd7 9. c4 dxc4 10. Bxc4 Bxg3 11. hxg3 c5 12. Bd3 Rc8 13. Nc3 Ndf6 14. Nxe4 Bxe4 15. Bxe4 Nxe4 16. Rc1 Qd5 17. dxc5 Rxc5 18. Qxd5 Rxd5 19. Rc7 Rb8 20. Rfc1 h6 21. a3 a5 22. R7c4 Nd6 23. Rc5 Rxc5 24. Rxc5 Rc8 25. Rxc8+ Nxc8 26. Kf1 Kf8 27. Ke2 Ke7 28. Kd3 Nd6 29. Ne5 b6 30. g4 Kd8 31. Nc4 Kc7 32. Ne5 f6 33. Ng6 Kc6 34. Nf4 e5 35. Nh5 Ne8 36. Ng3 Nd6 37. f3 Kd5 38. e4+ Kc5 39. b3 g6 40. Nf1 Nb5 41. a4 Nd4 42. Nd2 Kb4 43. Nc4 Nxb3 44. Nxb6 Nc5+ 45. Kc2 Nxa4 46. Nd5+ Kc4 47. Nxf6 Nc5 48. Nd5 Nd3 49. Ne7 g5 50. Nf5 Ne1+ 51. Kd2 Nxg2 52. Nxh6 a4 53. Nf7 Kd4 54. Nxg5 a3 55. Kc2 Ke3 56. Nf7 Ne1+ 57. Kb3 Nxf3 58. g5 Nxg5 59. Nxg5 Kf4 60. Ne6+ Kxe4 61. Kxa3 Kd5 62. Ng5 e4 63. Nxe4 1/2-1/2


[Site "https://www.chess.com"]